 Dungeon Crawl Stone Soup version 0.30-a0-614-ge5ea1257c2 (webtiles) character file.

Game seed: 11092497223572617143

2602 Citaku the Protected (level 9, -3/76 (79) HPs)
             Began as a Minotaur Fighter on Jan 9, 2023.
             Was an Initiate of Trog.
             Slain by Opifex's ghost (6 damage)
             ... on level 6 of the Dungeon.
             The game lasted 00:12:30 (6227 turns).

Citaku the Protected (Minotaur Fighter)             Turns: 6227, Time: 00:12:30

HP:   -3/76 (79)    AC: 17    Str: 27    XL:     9   Next: 33%
MP:   8/8           EV:  7    Int: 11    God:    Trog [......]
Gold: 50            SH:  8    Dex: 12    Spells: 8/8 levels left

rFire   . . .      SeeInvis .    e - +0 hand axe (freeze)
rCold   . . .      Faith    .    u - +2 buckler {AC+3}
rNeg    . . .      Spirit   .    w - +0 plate armour
rPois   .          Reflect  .    (helmet restricted)
rElec   .          Harm     .    (no cloak)
rCorr   .          Rampage  .    (no gloves)
Will    .....      Clarity  +    (no boots) Stlth
                                 (no amulet)
HPRegen 0.32/turn                b - ring "Mecoxzio" {Str+4 Slay+4}
MPRegen 0.11/turn                g - +6 ring of intelligence

@: mighty, lethally poisoned (-3 -> -14), studying Shields, lightly drained
A: horns 2, retaliatory headbutt, talons 1, clarity, wild magic 1
a: Renounce Religion


You were on level 6 of the Dungeon.
You worshipped Trog.
Trog was noncommittal.
You visited 2 branches of the dungeon, and saw 7 of its levels.
You also visited: Sewer.

You collected 336 gold pieces.
You spent 286 gold pieces at shops.

Inventory:

Hand Weapons
 e - a +0 hand axe of freezing (weapon)
Armour
 u - a +2 buckler of protection (worn)
 w - a +0 plate armour (worn)
Jewellery
 b - the ring "Mecoxzio" (left hand) {Str+4 Slay+4}
   (You acquired it on level 4 of the Dungeon)

   [ring of slaying]

   Str:       It affects your strength (+4).
   Slay:      It affects your accuracy & damage with ranged weapons and melee
   (+4).
 g - a +6 ring of intelligence (right hand)
Wands
 c - a wand of flame (9)
Scrolls
 a - a scroll of poison
 f - 3 scrolls of teleportation
 h - 5 scrolls of enchant weapon
 j - a scroll of blinking
 m - 2 scrolls of fear
 n - a scroll of noise {unknown}
 v - 2 scrolls of torment
Potions
 d - 3 potions of cancellation
 i - 2 potions of mutation
 k - 4 potions of heal wounds
 l - 8 potions of curing
 o - a potion of ambrosia
 s - a potion of might


   Skills:
 + Level 7.2 Fighting
 * Level 9.2 Axes
 * Level 9.5 Armour
 + Level 7.8 Shields


You had 8 spell levels left.
You didn't know any spells.
Your spell library was empty.

Dungeon Overview and Level Annotations

Branches:
Dungeon (6/15)             Temple (1/1) D:6           Sewer (visited)

Altars:
Ashenzari
Dithmenos
Fedhas
Hepliaklqana
Kikubaaqudgha
Makhleb
Qazlal
Ru
Trog
Vehumet
Wu Jian
Xom
Yredelemnul
Zin
The Shining One

Shops:
D:5 !

Annotations:
D:6 1 transporter, Opifex's ghost, novice DsFi


Innate Abilities, Weirdness & Mutations

You have a pair of horns on your head.
You reflexively headbutt those who attack you in melee.
You have sharp toenails.
You possess an exceptional clarity of mind.
Your spells are a little harder to cast, but a little more powerful.


Message History

The killer bee stings you but does no damage.
You hit Opifex's ghost. You freeze Opifex's ghost.
Your headbutt misses Opifex's ghost.
Opifex's ghost is heavily damaged.
You hit the queen bee but do no damage. You slash the killer bee!
You freeze the killer bee.
You kill the killer bee!
Trog accepts your kill.
You feel sick. You block Opifex's ghost's attack. The queen bee stings you!
You are more poisoned.
The queen bee poisons you!
You completely miss Opifex's ghost. Your kick misses Opifex's ghost.
Opifex's ghost is heavily damaged.
You hit the queen bee but do no damage.
You feel very sick. Opifex's ghost hits you.
* * * LOW HITPOINT WARNING * * *
You feel drained.
* * * LOW HITPOINT WARNING * * *
You barely miss the queen bee. You claw the queen bee.
The queen bee is lightly wounded.
You barely miss Opifex's ghost.
* * * LOW HITPOINT WARNING * * *
You feel very sick. The killer bee stings you.
* * * LOW HITPOINT WARNING * * *
The killer bee barely misses you. The queen bee stings you.
* * * LOW HITPOINT WARNING * * *
Opifex's ghost hits you but does no damage.
You feel drained.
You slice the queen bee!! You freeze the queen bee.
Your kick misses the queen bee. Your headbutt misses the queen bee.
The queen bee is severely wounded.
You slash Opifex's ghost! You freeze Opifex's ghost.
You closely miss the killer bee.
* * * LOW HITPOINT WARNING * * *
You feel very sick. You block the killer bee's attack.
The killer bee closely misses you. Opifex's ghost hits you.
You die...

#######..........###.###........#
.# #.........#########........ .#
#........###.# #.###......# .#
#........##..!#...##...#### .#
#........##.###.#.##...# .#
#........##...#...##...# .#
########.#.#.#.#.#?#...# .#
#........#Wy#...#.$#..## .#
#†####..©#@y#.#.#.©#©.# ## #.#
##..#†.#...#.(#..# #.#
#.[#.#.#!#.#$#..# #.#
#..##...#...##..# #.#
#<.##.#.#.#.##.## #.#
#..##...#...##.# #.#
#..###.###.###.# #.#
#...#########..# #.#
#.#..###.###..##


You could see a queen bee, a killer bee (berserk) and Opifex's ghost.

Vanquished Creatures
  Sigmund (D:2)
  A steam dragon (D:6)
  An acid dragon (D:5)
  A water moccasin (D:6)
  2 black bears
  3 ogres (D:5)
  A centaur (D:4)
  3 bullfrogs
  4 wights (D:5)
  6 killer bees
  A howler monkey (D:5)
  A gnoll bouda (D:5)
  2 jellies (D:6)
  3 orc priests
  Jessica (D:3)
  Ijyb (D:3)
  Terence (D:3)
  2 iguanas
  6 orc wizards
  Robin (D:3)
  10 gnolls
  2 river rats (Sewer)
  16 adders
  A white imp (D:6)
  An ufetubus (D:5)
  A worm (D:3)
  2 dart slugs
  13 orcs
  14 ball pythons
  6 endoplasms
  4 giant cockroaches
  14 goblins
  19 hobgoblins
  2 jackals (D:5)
  7 kobolds
  6 quokkas
  5 bats
  7 frilled lizards
  32 rats
204 creatures vanquished.

Notes
Turn   | Place    | Note
-------+----------+-------------------------------------------
     0 | D:1      | Citaku the Minotaur Fighter began the quest for the Orb.
     0 | D:1      | Reached XP level 1. HP: 19/19 MP: 0/0
   176 | D:1      | Reached XP level 2. HP: 26/27 MP: 1/1
   916 | D:1      | Reached XP level 3. HP: 33/33 MP: 2/2
  1436 | D:2      | Found a faded altar of an unknown god.
  1547 | D:2      | Noticed Sigmund
  1556 | D:2      | Killed Sigmund
  1557 | D:2      | Reached skill level 5 in Armour
  1557 | D:2      | Reached XP level 4. HP: 35/41 MP: 3/3
  1557 | D:2      | Reached XP level 5. HP: 40/47 MP: 4/4
  1740 | D:2      | Identified the +1 robe "Qeadd" {Stlth+}
  1851 | D:3      | Noticed Jessica
  1863 | D:3      | Killed Jessica
  1864 | D:3      | Reached XP level 6. HP: 27/53 MP: 5/5
  1977 | D:3      | Noticed Robin
  1990 | D:3      | Killed Robin
  2004 | D:3      | Reached skill level 5 in Axes
  2039 | D:3      | Found a glowing drain.
  2061 | Sewer    | Entered a sewer
  2398 | Sewer    | Gained mutation: You have sharp toenails. [potion of
                  | mutation]
  2398 | Sewer    | Gained mutation: You possess an exceptional clarity of
                  | mind. [potion of mutation]
  2398 | Sewer    | Gained mutation: Your spells are a little harder to cast,
                  | but a little more powerful. [potion of mutation]
  2400 | Sewer    | Reached skill level 5 in Fighting
  2400 | Sewer    | Reached skill level 5 in Shields
  2408 | Sewer    | Reached XP level 7. HP: 19/61 MP: 6/6
  2695 | D:3      | Noticed Terence
  2705 | D:3      | Killed Terence
  2936 | D:3      | Noticed Ijyb
  2950 | D:3      | Killed Ijyb
  3990 | D:4      | Identified a scroll of acquirement
  3990 | D:4      | Acquired the ring "Mecoxzio" {Str+4 Slay+4}
  4007 | D:5      | Entered Level 5 of the Dungeon
  4009 | D:5      | Found a stormy altar of Qazlal.
  4024 | D:5      | Reached XP level 8. HP: 70/70 MP: 7/7
  4578 | D:5      | Found Kairph's Distillery.
  4589 | D:5      | Bought a potion of heal wounds for 55 gold pieces
  4589 | D:5      | Bought a potion of curing for 33 gold pieces
  4589 | D:5      | Bought a potion of curing for 33 gold pieces
  4589 | D:5      | Bought a potion of heal wounds for 55 gold pieces
  4589 | D:5      | Bought a potion of curing for 33 gold pieces
  4589 | D:5      | Bought a potion of curing for 33 gold pieces
  4589 | D:5      | Bought a potion of might for 44 gold pieces
  5261 | D:6      | Reached XP level 9. HP: 78/78 MP: 8/8
  5275 | D:6      | Noticed Opifex's ghost (novice DsFi)
  5278 | D:6      | Noticed a queen bee
  5343 | D:6      | Found a transporter.
  5348 | D:6      | Found a transporter.
  5360 | D:6      | Found a staircase to the Ecumenical Temple.
  5379 | Temple   | Entered the Ecumenical Temple
  5433 | Temple   | Became a worshipper of Trog the Wrathful
  5851 | D:6      | HP: 2/79 [steam dragon/ball of steam (15)]
  6227 | D:6      | HP: 3/76 [poisoned by a queen bee]
  6227 | D:6      | Slain by Opifex's ghost

Illustrated notes

Levels and vault maps discovered:
D:1:      lemuel_arrival_hallway, layout_basic
D:2:      layout_basic, ebering_ecumenical_altar_webs, uniq_sigmund
D:3:      layout_basic, cheibrodos_sewer_entry_drain, amcnicky_mini_pool_small,
          minmay_misc_feat_tower, nrook_mini_backslash, due_unseen_surprise,
          uniq_jessica, uniq_ijyb, uniq_terence, uniq_robin
D:4:      layout_rooms, chequers_serial_rivers_room_a
D:5:      layout_loops_cross, old_standard_altar, serial_shops, shop,
          minmay_manual_moon
D:6:      layout_basic, minmay_temple_entry_stoned_glass, gammafunk_ghost_hive
Temple:   nicolae_temple_great_sept

Skill      XL: |  1  2  3  4  5  6  7  8  9 |
---------------+----------------------------+-----
Armour         | 4 5 6 7 8 9 |  9.5
Axes           | 3 4 5 6 8 9 |  9.2
Shields        | 4 5 7 |  7.8
Fighting       | 4 5 6 7 |  7.2

Action                   |  1- 3 |  4- 6 |  7- 9 || total
-------------------------+-------+-------+-------++-------
Melee: War axe           |    85 |   115 |   111 ||   311
       Headbutt          |     7 |    11 |    28 ||    46
       Kick              |       |     1 |    46 ||    47
       Hand axe          |       |       |    76 ||    76
  Use: Potion            |     1 |     1 |     5 ||     7
       Scroll            |       |       |    11 ||    11
Armor: Scale mail        |    35 |   114 |    16 ||   165
       Plate armour      |       |       |   144 ||   144
Dodge: Dodged            |    41 |    93 |    74 ||   208
Block: Buckler           |    20 |    63 |    94 ||   177

Table legend: (Time is in decaauts)
 A = Elapsed time spent in this place.
 B = Non-inter-level travel time spent in this place.
 C = Inter-level travel time spent in this place.
 D = Time resting spent in this place.
 E = Time spent auto-exploring this place.
 F = Levels seen in this place.
 G = Mean time per level.
                   A        B        C        D        E       F      G
               +--------+--------+--------+--------+--------+-----+--------+
         Total |   6358 |   6358 |      0 |    674 |   3955 |   8 |  794.8 |
       Dungeon |   5636 |   5636 |      0 |    536 |   3707 |   6 |  939.3 |
        Temple |    148 |    148 |      0 |      0 |     52 |   1 |  148.0 |
         Sewer |    573 |    573 |      0 |    138 |    195 |   1 |  573.0 |
               +--------+--------+--------+--------+--------+-----+--------+

Top non-repeatable levels by time:
     D:1: 1123 daAuts
     D:5: 1084 daAuts
     D:3: 1016 daAuts
     D:6: 984 daAuts
     D:2: 763 daAuts
     D:4: 664 daAuts
   Sewer: 573 daAuts
  Temple: 148 daAuts
